 Dungeon Crawl Stone Soup version 0.22.1-6-g1668fe2 (webtiles) character file.

50417 Kairos the Cleaver (level 14, -6/75 HPs)
             Began as a Vine Stalker Fighter on Jan 22, 2019.
             Was the Champion of Okawaru.
             Mangled by a spriggan rider
             ... wielding a +0 spear
              (16 damage)
             ... on level 6 of the Lair of Beasts.
             The game lasted 00:39:35 (16736 turns).

Kairos the Cleaver (Vine Stalker Fighter)          Turns: 16736, Time: 00:39:36

Health: -6/75      AC: 16    Str: 22    XL:     14   Next: 55%
Magic:  0/16       EV: 14    Int: 13    God:    Okawaru [******]
Gold:   720        SH: 12    Dex: 16    Spells: 13/13 levels left

rFire    + . .     SeeInvis .   a - +2 demon whip (elec)
rCold    . . .     Gourm    +   T - +0 shield {rF+}
rNeg     . . .     Faith    .   l - +3 ring mail {rPois}
rPois    +         Spirit   +   (no helmet)
rElec    .         Reflect  .   (no cloak)
rCorr    .         Harm     .   (no gloves)
MR       +....                  v - +0 pair of boots
Stlth    ++........             O - amulet of the gourmand
HPRegen  1.02/turn              h - +5 ring of protection
MPRegen  0.15/turn              C - +5 ring of intelligence

@: slowed, studying Armour, very slow
A: fangs 3, regeneration 2, magic shield, antimagic bite, no potion heal 3, rot
immunity
a: Heroism, Finesse, Renounce Religion


You were on level 6 of the Lair of Beasts.
You worshipped Okawaru.
Okawaru was exalted by your worship.
You were full.

You visited 4 branches of the dungeon, and saw 19 of its levels.
You also visited: Sewer, Ossuary and Volcano.

You collected 1396 gold pieces.
You spent 676 gold pieces at shops.

Inventory:

Hand Weapons
 a - a +2 demon whip of electrocution (weapon)
 N - a +3 hand axe of draining
 P - a +2 broad axe
 R - a +2 vampiric war axe
 U - a +2 hand axe of flaming
 V - a +1 broad axe of chopping
Armour
 l - a +3 ring mail of poison resistance (worn)
 v - a +0 pair of boots (worn)
 T - a +0 shield of fire resistance (worn)
Jewellery
 h - a +5 ring of protection (left hand)
 C - a +5 ring of intelligence (right hand)
 O - an amulet of the gourmand (around neck)
Wands
 c - a wand of polymorph (12)
 d - a wand of scattershot (3)
 r - a wand of paralysis (23)
 w - a wand of flame (121)
 F - a wand of iceblast (14)
 J - a wand of clouds (13)
Scrolls
 e - 2 scrolls of random uselessness
 i - 5 scrolls of enchant armour
 j - 11 scrolls of teleportation
 n - 6 scrolls of remove curse
 o - a scroll of enchant weapon
 t - 12 scrolls of identify
 x - 7 scrolls of fog
 y - 6 scrolls of amnesia
 H - 2 scrolls of magic mapping
 M - a scroll of summoning
 S - a scroll of noise {unknown}
 W - 2 scrolls of brand weapon {unknown}
Potions
 g - 9 potions of curing {unknown}
 m - 5 potions of degeneration {unknown}
 p - 3 potions of mutation {unknown}
 q - 5 potions of lignification
 s - 6 potions of flight {unknown}
 u - 4 potions of brilliance {unknown}
 A - a potion of invisibility
 B - 4 potions of agility {unknown}
 D - a potion of ambrosia {unknown}
 I - 3 potions of resistance {unknown}
 L - a potion of magic {unknown}
 Q - a potion of cancellation {unknown}
Books
 k - a manual of Armour
Miscellaneous
 b - a box of beasts
Comestibles
 f - 20 rations


   Skills:
 + Level 9.5 Fighting
 + Level 14.1(14.4) Axes
 + Level 4.5(10.4) Maces & Flails
 + Level 7.8 Armour
 + Level 6.3 Dodging
 + Level 4.8 Stealth
 + Level 10.2 Shields
 + Level 1.4 Invocations
 + Level 0.5 Evocations


You had 13 spell levels left.
You didn't know any spells.
Your spell library contained the following spells:

 Spells                   Type           Power        Failure   Level  Hunger
 Sandblast                Erth           #.....       65%         1    ##.....
 Sublimation of Blood     Necr           #.........   78%         2    ###....
 Ignite Poison            Fire/Tmut/Pois #.......     95%         3    ####...
 Petrify                  Tmut/Erth      #.......     100%        4    #####..
 Alistair's Intoxication  Tmut/Pois      #.......     100%        5    ######.
 Fireball                 Conj/Fire      #.........   100%        5    ######.
 Irradiate                Conj/Tmut      #.........   100%        5    ######.
 Bolt of Fire             Conj/Fire      #.........   100%        6    #######
 Malign Gateway           Summ/Tloc      #.........   100%        7    #######
 Ring of Flames           Chrm/Fire      #.........   100%        7    #######
 Disjunction              Tloc           #.........   100%        8    #######
 Ignition                 Fire           #.........   100%        8    #######


Dungeon Overview and Level Annotations

Branches:
Dungeon (11/15)            Temple (1/1) D:5            Lair (6/6) D:11
 Shoals (0/4) Lair:4       Spider (0/4) Lair:4        Slime (0/5) Lair:6
    Orc (1/2) D:10

Altars:
Ashenzari
Cheibriados
Dithmenos
Elyvilon
Fedhas
Gozag
Hepliaklqana
Kikubaaqudgha
Makhleb
Nemelex Xobeh
Okawaru
Qazlal
Ru
Sif Muna
Trog
Uskayaw
Vehumet
Wu Jian
Xom
Yredelemnul
Zin
The Shining One
Jiyva

Shops:
D:4 ?=

Annotations:
Lair:4 exclusion: oklob plant
Lair:6 1 runed door


Innate Abilities, Weirdness & Mutations

You have razor-sharp teeth.
You heal very quickly.
When hurt, damage is shared between your health and your magic reserves.
Your bite disrupts and absorbs the magic of your enemies.
Potions cannot restore your health.
You are immune to rotting.


Message History

You feel strangely unstable.
A tyrant leech comes into view.
You block the tyrant leech's attack. The tyrant leech bites you!
* * * LOW HITPOINT WARNING * * *
The tyrant leech draws strength from your injuries!
Your surroundings suddenly seem different.
You feel like a meek peon again.
A wolf comes into view.
The wolf howls!
A wolf comes into view.
The wolf howls!
A wolf comes into view.
The wolf howls!
A spriggan rider comes into view. It is wielding a spear.
The spriggan rider shouts!
You hear a howl!
You hear a shout!
You hear an angry growl.
You hear a shout!
A wolf comes into view.
A black bear comes into view.
You block the spriggan rider's attack.
The spriggan rider hits you with a spear!!
You die...

.. ..
.♣ .
..♣.
♣...
♣.h♣
♣..♣
♣..♣
♣.@♣
♣.i♣♣
♣..h


hhh.♣ ♣....♣ ♣..♣♣ ♣.. ♣. You could see a spriggan rider, a black bear and 4
wolves.

Vanquished Creatures
  The ghost of Halaipra the Blocker, a journeyman GnFi of Okawaru (Lair:4)
  8 hydras
  A catoblepas (Lair:4)
  3 two-headed ogres
  A dancing weapon (Volcano)
  A death yak (Lair:2)
  Nergalle (Lair:1)
  5 wizards (Volcano)
  4 ugly things (D:11)
  Pikel (D:4)
  2 manticores
  3 black mambas
  5 toenail golems (Volcano)
  15 elephants
  Psyche (D:9)
  3 spiny frogs
  3 rime drakes
  9 komodo dragons
  A merfolk (D:11)
  A troll (D:11)
  A tyrant leech (Lair:6)
  Grinder (D:3)
  A hornet (D:11)
  11 hippogriffs
  8 blink frogs
  A spriggan (D:11)
  3 basilisks
  3 fire bats (Lair:2)
  Grum (Lair:1)
  A wraith (Ossuary)
  54 yaks
  3 hungry ghosts
  An acid dragon (D:11)
  4 water moccasins
  Duvessa (D:6)
  5 porcupines
  3 ice beasts
  Purgy (Sewer)
  A slave (D:4)
  6 orc warriors
  2 black bears
  3 phantoms
  4 ogres
  4 centaurs
  14 wolves
  14 crocodiles
  A big kobold (D:9)
  An elf zombie (Ossuary)
  15 bullfrogs
  A gnoll sergeant (D:10)
  Dowan (D:6)
  A troll zombie (D:10)
  2 water moccasin skeletons
  6 killer bees (D:8)
  A howler monkey (D:6)
  3 wights (D:10)
  An electric eel (Lair:1)
  3 crimson imps
  A centaur zombie (D:11)
  5 hounds
  6 orc priests
  14 orc wizards
  4 iguanas
  9 worker ants
  5 ogre zombies (D:10)
  3 mummies (Ossuary)
  A hound skeleton (D:10)
  A howler monkey skeleton (D:7)
  7 gnolls
  12 adders
  A river rat (D:4)
  A shadow imp (D:10)
  2 oozes
  An adder skeleton (D:5)
  5 worms
  2 dart slugs
  8 leopard geckos
  54 orcs
  9 bats
  2 giant cockroaches
  5 hobgoblins
  9 jackals
  8 quokkas
  3 ball pythons
  5 frilled lizards
  9 goblins
  A goblin skeleton (D:10)
  3 goblin zombies (D:10)
  A hobgoblin skeleton (D:10)
  7 hobgoblin zombies
  16 kobolds
  A kobold zombie (Ossuary)
  An orc skeleton (D:10)
  12 orc zombies (D:10)
  A quokka skeleton (D:10)
  A quokka zombie (D:7)
  16 rats
  2 rat zombies (D:6)
  2 fungi
512 creatures vanquished.

Vanquished Creatures (others)
  A worker ant (D:11)
  A kobold (D:11)
  A fungus (Lair:1)
  4 plants
7 creatures vanquished.

Grand Total: 519 creatures vanquished

Notes
Turn   | Place    | Note
-------+----------+-------------------------------------------
     0 | D:1      | Kairos the Vine Stalker Fighter began the quest for the
                  | Orb.
     0 | D:1      | Reached XP level 1. HP: 11/11 MP: 2/2
    89 | D:1      | Reached skill level 2 in Axes
    94 | D:1      | Reached XP level 2. HP: 6/16 MP: 1/3
   503 | D:1      | Reached XP level 3. HP: 19/19 MP: 4/4
  1019 | D:2      | Found a stormy altar of Qazlal.
  1104 | D:2      | Gained mutation: Your natural rate of healing is unusually
                  | fast. [Vine Stalker growth]
  1104 | D:2      | Reached XP level 4. HP: 19/23 MP: 3/5
  1144 | D:2      | Found a faded altar of an unknown god.
  1724 | D:3      | Reached XP level 5. HP: 28/28 MP: 6/6
  1775 | D:3      | Reached skill level 1 in Maces & Flails
  1930 | D:3      | Noticed Grinder
  1937 | D:3      | Paralysed by Grinder for 7 turns
  1947 | D:3      | Killed Grinder
  1947 | D:3      | Reached skill level 3 in Axes
  1947 | D:3      | Reached XP level 6. HP: 28/33 MP: 7/7
  1975 | D:3      | Reached skill level 1 in Dodging
  2006 | D:3      | Found a bloodstained altar of Trog.
  2246 | D:3      | Found a shattered altar of Ashenzari.
  2367 | D:4      | Reached XP level 7. HP: 36/37 MP: 8/8
  2451 | D:4      | Found a glowing drain.
  2460 | Sewer    | Entered a sewer
  2472 | Sewer    | Noticed Purgy
  2478 | Sewer    | Killed Purgy
  2665 | D:4      | Found a burning altar of Makhleb.
  2672 | D:4      | Found Qoryng's Jewellery Shop.
  2830 | D:4      | Reached skill level 4 in Axes
  2925 | D:4      | Found Hoisseh's Magic Scroll Shop.
  2925 | D:4      | Noticed Pikel
  2991 | D:4      | Killed Pikel
  2991 | D:4      | Reached skill level 5 in Axes
  2991 | D:4      | Gained mutation: You have razor-sharp teeth. [Vine Stalker
                  | growth]
  2991 | D:4      | Reached XP level 8. HP: 40/42 MP: 7/9
  3127 | D:4      | Found a blossoming altar of Fedhas.
  3251 | D:5      | Entered Level 5 of the Dungeon
  3283 | D:5      | Found a sparkling altar of Nemelex Xobeh.
  3443 | D:5      | Found a staircase to the Ecumenical Temple.
  3457 | Temple   | Entered the Ecumenical Temple
  3815 | D:5      | Reached skill level 5 in Shields
  4104 | D:6      | Reached skill level 1 in Stealth
  4163 | D:6      | Noticed Duvessa
  4163 | D:6      | Noticed Dowan
  4173 | D:6      | Killed Duvessa
  4173 | D:6      | Reached skill level 6 in Axes
  4176 | D:6      | Killed Dowan
  4424 | D:6      | Found a sand-covered staircase.
  4440 | Ossuary  | Entered an ossuary
  4440 | Ossuary  | Noticed a wraith
  4440 | Ossuary  | Noticed a wraith
  4440 | Ossuary  | Noticed a wraith
  4756 | Ossuary  | Reached XP level 9. HP: 44/46 MP: 10/10
  5760 | D:6      | Identified the Catalogue of the Rocks and the Voyage
  6191 | D:7      | Reached skill level 7 in Axes
  6831 | D:8      | Reached skill level 5 in Fighting
  6969 | D:8      | Noticed a two-headed ogre
  6983 | D:8      | Killed a two-headed ogre
  6983 | D:8      | Reached skill level 8 in Axes
  6983 | D:8      | Reached skill level 5 in Armour
  6983 | D:8      | Reached XP level 10. HP: 16/51 MP: 5/11
  7361 | D:8      | Found an ornate altar of the Wu Jian Council.
  7919 | D:9      | Reached skill level 9 in Axes
  8007 | D:9      | HP: 2/53 [yak (3)]
  8015 | D:9      | Reached XP level 11. HP: 7/58 MP: 12/12
  8610 | D:9      | Noticed Psyche
  8623 | D:9      | Killed Psyche
  8754 | D:9      | Found a deep blue altar of Sif Muna.
  8759 | D:9      | Found a radiant altar of Vehumet.
  8759 | D:9      | Found an iron altar of Okawaru.
  8761 | D:9      | Found a sacrificial altar of Ru.
  8769 | D:9      | Became a worshipper of Warmaster Okawaru
  9018 | D:10     | Entered Level 10 of the Dungeon
  9262 | D:10     | Reached skill level 10 in Axes
  9274 | D:10     | Found a staircase to the Orcish Mines.
  9422 | D:10     | Reached * piety under Okawaru
  9997 | Orc:1    | Entered Level 1 of the Orcish Mines
 10085 | D:11     | Noticed a white ugly thing
 10087 | D:11     | Noticed a purple ugly thing
 10100 | D:11     | Killed a cyan ugly thing
 10102 | D:11     | Killed a cyan ugly thing
 10123 | D:11     | Found a staircase to the Lair.
 10171 | D:11     | Reached ** piety under Okawaru
 10307 | D:11     | Noticed a two-headed ogre
 10328 | D:11     | Killed a two-headed ogre
 10442 | D:11     | Reached *** piety under Okawaru
 10515 | D:11     | Noticed a green ugly thing
 10515 | D:11     | Noticed a purple ugly thing
 10535 | D:11     | Killed a purple ugly thing
 10539 | D:11     | Killed a cyan ugly thing
 10539 | D:11     | Reached skill level 11 in Axes
 10798 | D:11     | Noticed a manticore
 10816 | D:11     | Killed a manticore
 10816 | D:11     | Reached **** piety under Okawaru
 10816 | D:11     | Gained mutation: You heal very quickly. [Vine Stalker
                  | growth]
 10816 | D:11     | Reached XP level 12. HP: 40/63 MP: 9/13
 11192 | D:11     | Noticed a two-headed ogre
 11197 | D:11     | Killed a two-headed ogre
 11558 | D:4      | Bought a scroll of acquirement for 676 gold pieces
 11721 | Lair:1   | Entered Level 1 of the Lair of Beasts
 11737 | Lair:1   | Noticed Nergalle
 11744 | Lair:1   | Killed Nergalle
 11866 | Lair:1   | Noticed Grum
 11891 | Lair:1   | Killed Grum
 11929 | Lair:1   | Reached ***** piety under Okawaru
 11936 | Lair:1   | Reached skill level 5 in Dodging
 12217 | Lair:1   | Received a gift from Okawaru
 12371 | Lair:1   | Reached skill level 12 in Axes
 12584 | Lair:2   | Found a dark tunnel.
 12596 | Volcano  | Entered a volcano
 12611 | Volcano  | Received a gift from Okawaru
 12611 | Volcano  | Reached XP level 13. HP: 61/68 MP: 9/14
 12817 | Volcano  | Reached skill level 13 in Axes
 13022 | Lair:2   | Found a radiant altar of Vehumet.
 13304 | Lair:2   | Reached skill level 1 in Invocations
 13508 | Lair:2   | Reached ****** piety under Okawaru
 13517 | Lair:2   | Received a gift from Okawaru
 14521 | Lair:4   | Received a gift from Okawaru
 14632 | Lair:4   | Found a hole to the Spider Nest.
 14636 | Lair:4   | Found a staircase to the Shoals.
 14653 | Lair:4   | Reached XP level 14. HP: 41/75 MP: 15/15
 14800 | Lair:4   | Reached skill level 14 in Axes
 14809 | Lair:4   | Found a hide-covered altar of Uskayaw.
 15000 | Lair:4   | Reached skill level 10 in Shields
 15017 | Lair:4   | Found a runed gate.
 15017 | Lair:4   | Found a runed gate.
 15022 | Lair:4   | Noticed Halaipra's ghost (journeyman GnFi)
 15029 | Lair:4   | Found a runed gate.
 15098 | Lair:4   | Received a gift from Okawaru
 15530 | Lair:4   | Killed Halaipra's ghost
 15558 | Lair:4   | Got a fine scale mail
 15569 | Lair:4   | Identified the +1 scale mail "Ecyn" {rPois} (You found it
                  | on level 4 of the Lair of Beasts)
 16620 | Lair:6   | Entered Level 6 of the Lair of Beasts
 16644 | Lair:6   | Received a gift from Okawaru
 16688 | Lair:6   | Found a runed door.
 16688 | Lair:6   | Found a viscous altar of Jiyva.
 16690 | Lair:6   | Found a staircase to the Slime Pits.
 16736 | Lair:6   | Mangled by a spriggan rider

Skill      XL: |  1  2  3  4  5  6  7  8  9 10 11 12 13 14 |
---------------+-------------------------------------------+-----
Axes           | 2 3 5 6 8 9 11 12 13 14 | 14.1
Shields        | 3 4 5 6 7 8 9 10 | 10.2
Armour         | 3 4 5 6 7 |  7.8
Fighting       | 3 4 5 6 7 8 9 |  9.5
Maces & Flails | 2 4 |  4.5
Dodging        | 1 2 3 4 5 6 |  6.3
Stealth        | 1 2 3 4 |  4.8
Invocations    | 1 |  1.4
Evocations     | |  0.5

Action                   |  1- 3 |  4- 6 |  7- 9 | 10-12 | 13-15 || total
-------------------------+-------+-------+-------+-------+-------++-------
Melee: War axe           |    96 |    91 |   394 |   509 |   251 ||  1341
       Bite              |    19 |    40 |   136 |   314 |   212 ||   721
       Whip              |       |    75 |       |    15 |       ||    90
       Hand axe          |       |       |       |   210 |    74 ||   284
       Broad axe         |       |       |       |    67 |     5 ||    72
       Demon whip        |       |       |       |       |   172 ||   172
Invok: Heroism           |       |       |       |     9 |    16 ||    25
Evoke: Wand              |       |       |     2 |       |       ||     2
  Use: Scroll            |       |       |    10 |     9 |     3 ||    22
       Potion            |       |       |       |     1 |       ||     1
 Stab: Distracted        |       |       |       |     2 |       ||     2
       Sleeping          |       |       |       |     4 |     5 ||     9
       Invisible         |       |       |       |     2 |       ||     2
  Eat: Chunk             |       |     5 |    12 |    17 |    18 ||    52
       Ration            |       |       |     1 |     5 |     5 ||    11
Armor: Scale mail        |    28 |       |       |       |       ||    28
       Ring mail         |    22 |    64 |   171 |   225 |   198 ||   680
Dodge: Dodged            |    27 |    50 |   109 |   306 |   315 ||   807
Block: Shield            |    47 |    78 |   203 |   451 |   334 ||  1113
